 Dungeon Crawl Stone Soup version 0.27-a0-1299-g1ab19c6527 (webtiles) character file.

Game seed: 14518666183864331623

1956 drugrobin the Spear-Bearer (level 8, -4/60 HPs)
             Began as a Demigod Warper on June 16, 2021.
             Slain by an orc warrior (12 damage)
             ... on level 7 of the Dungeon.
             The game lasted 00:17:40 (5474 turns).

drugrobin the Spear-Bearer (Demigod Warper)         Turns: 5474, Time: 00:17:41

Health: -4/60      AC:  9    Str: 16    XL:     8   Next: 67%
Magic:  11/13      EV: 14    Int: 19    God:
Gold:   253        SH:  0    Dex: 13    Spells: 3/10 levels left

rFire    . . .     SeeInvis .   s - +3 quarterstaff (chaos)
rCold    . . .     Faith    .   (shield currently unavailable)
rNeg     . . .     Spirit   .   y - +0 troll leather armour {Purgy}
rPois    +         Reflect  .   r - +2 helmet
rElec    .         Harm     .   l - +0 cloak
rCorr    .         Rampage  .   k - +0 pair of gloves
Will     .....                  (no boots)
Stlth    +.........             p - amulet of regeneration
HPRegen  2.20/turn              B - ring of poison resistance
MPRegen  0.13/turn              D - ring of wizardry

@: wereblooded
A: high mp 1, forlorn
a: no special abilities


You were on level 7 of the Dungeon.
You visited 1 branch of the dungeon, and saw 7 of its levels.
You also visited: Sewer.

You collected 253 gold pieces.

Inventory:

Hand Weapons
 a - a +0 halberd
 f - a +0 spear
 s - a +3 quarterstaff of chaos (weapon)
Missiles
 d - 5 boomerangs of dispersal
 h - 15 poisoned darts
 G - 2 boomerangs (quivered)
Armour
 k - a +0 pair of gloves (worn)
 l - a +0 cloak (worn)
 r - a +2 helmet (worn)
 y - a +0 troll leather armour (worn) {Purgy}
Magical Staves
 n - a staff of cold
Jewellery
 p - an amulet of regeneration (around neck)
 B - a ring of poison resistance (left hand)
 D - a ring of wizardry (right hand)
Wands
 E - a wand of acid (3)
Scrolls
 c - 3 scrolls of blinking
 e - 2 scrolls of fear
 i - 3 scrolls of noise {unknown}
 j - 5 scrolls of identify {unknown}
 m - a scroll of holy word {unknown}
 q - a scroll of brand weapon {unknown}
 u - a scroll of fog {unknown}
 v - 3 scrolls of teleportation {unknown}
 z - a scroll of amnesia {unknown}
 F - a scroll of immolation {unknown}
 H - 3 scrolls of enchant weapon {unknown}
 I - a scroll of enchant armour {unknown}
Potions
 b - a potion of flight {unknown}
 g - 2 potions of curing
 o - a potion of haste {unknown}
 t - a potion of might {unknown}
 w - a potion of resistance {unknown}
 x - a potion of mutation {unknown}
 A - a potion of cancellation {unknown}
 C - a potion of degeneration {unknown}


   Skills:
 - Level 1.7 Fighting
 + Level 9.0 Polearms
 - Level 0.8 Throwing
 - Level 0.8 Armour
 + Level 6.4 Dodging
 - Level 1.7 Spellcasting
 - Level 2.6 Translocations


You had 3 spell levels left.
You knew the following spells:

 Your Spells              Type           Power      Damage    Failure   Level
a - Teleport Other        Tloc           11%        N/A       9%          3
b - Blink                 Tloc           N/A        N/A       4%          2
c - Wereblood             Tmut           1%         N/A       13%         2

Your spell library contained the following spells:

 Spells                   Type           Power      Damage    Failure   Level
 Beastly Appendage        Tmut           2%         N/A       9%          1
 Gell's Gravitas          Tloc           5%         N/A       9%          3
 Lesser Beckoning         Tloc           5%         N/A       9%          3
 Spider Form              Tmut/Pois      0%         N/A       26%         3
 Manifold Assault         Tloc           11%        N/A       58%         5
 Ice Form                 Ice/Tmut       1%         N/A       61%         4


Dungeon Overview and Level Annotations

Branches:
Dungeon (7/15)             Temple (0/1) D:6           Sewer (visited)


Innate Abilities, Weirdness & Mutations

Your attributes grow dramatically as you level up.
You have an increased reservoir of magic. (+10% MP)
You shall have no god before yourself.


Message History

Unknown command.
Aiming: Corrosive Bolt
Press: ? - help, Shift-Dir - straight line, f - orc
Aim: an orc, wielding a +0 club and wearing a +0 chain mail (moderately wounded, very poisoned, 79% to hit)
The bolt of acid misses the orc warrior.
The bolt of acid hits the orc!
The orc is splashed with acid.
You feel a bit better.
You kill the orc!
The orc warrior hits you but does no damage.
Unknown command.
You howl as the wereblood boils in your veins!
The orc warrior closely misses you.
You hit the orc warrior. You burn the orc warrior.
The orc warrior is moderately wounded.
Your primal bloodlust has ended.
The orc warrior barely misses you.
Unknown command.
Casting: Wereblood (safe; 13% risk of failure)
Confirm with . or Enter, or press ? or * to list all spells.
Your blood is infused with primal strength.
The orc warrior barely misses you.
You closely miss the orc warrior.
The orc warrior is moderately wounded.
The orc warrior hits you with a +0 halberd!!
You closely miss the orc warrior.
The orc warrior is moderately wounded.
The orc warrior hits you with a +0 halberd!
You thump the orc warrior! You burn the orc warrior.
The orc warrior is severely wounded.
The orc warrior hits you with a +0 halberd!
You closely miss the orc warrior.
The orc warrior is severely wounded.
The orc warrior hits you with a +0 halberd!
* * * LOW HITPOINT WARNING * * *
The orc warrior hits you from afar with a +0 halberd.
* * * LOW HITPOINT WARNING * * *
There is a stone staircase leading up here.
Okay, then.
The orc warrior hits you from afar with a +0 halberd!
You die...

#.... ###
#.#...
##.##.8.8.8
#..#o......
###.o'J.o..[.
#..JY#.......
#.##o##.8o8.8
.. #..##.#...
## #..@##o.o.
###..##...
##..##+# #...
####


You could see an orc warrior, an ice beast and a jelly.

Vanquished Creatures
  A queen bee (shapeshifter) (D:4)
  Eustachio (D:4)
  Menkaure (D:6)
  Purgy (Sewer)
  An orc warrior (D:5)
  A sky beast (D:7)
  An ogre (D:4)
  A phantom (D:6)
  A bullfrog (D:6)
  3 scorpions
  A howler monkey (D:5)
  3 centaur zombies (D:5)
  A jelly (D:5)
  A bullfrog zombie (D:5)
  A bullfrog skeleton (D:5)
  2 orc priests (D:6)
  3 hounds (D:5)
  Crazy Yiuf (D:2)
  A gnoll shaman (D:4)
  Natasha (thrice) (D:2)
  Terence (D:2)
  A scorpion zombie (D:5)
  An orc wizard (D:6)
  A hound skeleton (D:5)
  8 gnolls
  5 adders
  3 worms
  2 dart slugs
  15 orcs
  2 bats
  7 endoplasms
  4 giant cockroaches
  4 goblins
  6 hobgoblins
  4 jackals (D:2)
  9 kobolds
  3 quokkas (D:2)
  11 ball pythons
  7 frilled lizards
  10 rats
133 creatures vanquished.

Notes
Turn   | Place    | Note
-------+----------+-------------------------------------------
     0 | D:1      | drugrobin the Demigod Warper began the quest for the Orb.
     0 | D:1      | Reached XP level 1. HP: 17/17 MP: 5/5
    21 | D:1      | Reached skill level 2 in Polearms
    85 | D:1      | Reached XP level 2. HP: 20/24 MP: 7/7
   235 | D:1      | Reached skill level 3 in Polearms
   426 | D:1      | Noticed a golden eye
   471 | D:1      | Noticed a floating eye
   471 | D:1      | Noticed an eye of devastation
   471 | D:1      | Noticed a golden eye
   540 | D:1      | Reached XP level 3. HP: 29/29 MP: 8/8
  1182 | D:2      | Noticed Terence
  1280 | D:2      | Noticed Natasha
  1295 | D:2      | Killed Natasha
  1296 | D:2      | Reached skill level 4 in Polearms
  1355 | D:2      | Reached XP level 4. HP: 16/36 MP: 9/9
  1571 | D:2      | Learned a level 2 spell: Blink
  1604 | D:2      | Noticed Natasha
  1636 | D:2      | Killed Natasha
  1850 | D:2      | Killed Terence
  1916 | D:2      | Noticed Natasha
  1938 | D:2      | Killed Natasha
  1939 | D:2      | Reached skill level 5 in Polearms
  1939 | D:2      | Reached XP level 5. HP: 41/41 MP: 10/10
  2191 | D:2      | Found a runed translucent door.
  2192 | D:2      | Noticed Crazy Yiuf
  2565 | D:2      | Killed Crazy Yiuf
  3425 | D:4      | Found a glowing drain.
  3425 | D:4      | Noticed Eustachio
  3481 | D:4      | Killed Eustachio
  3482 | D:4      | Reached skill level 6 in Polearms
  3482 | D:4      | Reached XP level 6. HP: 48/48 MP: 11/11
  3506 | Sewer    | Entered a sewer
  3582 | Sewer    | Noticed Purgy
  3600 | Sewer    | Learned a level 3 spell: Teleport Other
  3643 | Sewer    | Killed Purgy
  3976 | D:4      | Reached XP level 7. HP: 51/53 MP: 12/12
  3980 | D:4      | Noticed a shapeshifter
  3980 | D:4      | a gnoll changed into a shapeshifter
  3980 | D:4      | Noticed a queen bee
  3980 | D:4      | a shapeshifter changed into a queen bee
  3990 | D:4      | Killed a queen bee
  3991 | D:4      | Reached skill level 7 in Polearms
  4341 | D:5      | Entered Level 5 of the Dungeon
  4491 | D:5      | Reached XP level 8. HP: 59/60 MP: 13/13
  4616 | D:5      | Reached skill level 8 in Polearms
  4623 | D:5      | Reached skill level 5 in Dodging
  4924 | D:6      | Noticed Menkaure
  4934 | D:6      | Killed Menkaure
  5039 | D:6      | Found a staircase to the Ecumenical Temple.
  5194 | D:6      | Learned a level 2 spell: Wereblood
  5457 | D:7      | Reached skill level 9 in Polearms
  5474 | D:7      | Slain by an orc warrior

Illustrated notes

Levels and vault maps discovered:
D:1:      elethiomel_arrival_shortcut, layout_basic,
          hellmonk_ecumenical_altar_watching_god, minmay_tetromino_t2
D:2:      minmay_evil_eye, layout_loops_ring, uniq_natasha, uniq_terence,
          uniq_crazy_yiuf_cottage
D:3:      layout_loops_cross, led_sif_pool, nemelex_diamond_rough_becter
D:4:      layout_cave_pools, chequers_temple_overflow_statue_of_worship,
          cheibrodos_sewer_entry_sluice, uniq_eustachio
D:5:      layout_cave_pools
D:6:      layout_basic, overflow_temple_1_default,
          minmay_temple_entry_proselytizer, uniq_menkaure
D:7:      gammafunk_the_bubble [the_bubble_gammafunk_roulette], layout_basic,
          dk_noncrumbling_3, minmay_ruined_shrine, uniq_prince_ribbit1

Skill      XL: |  1  2  3  4  5  6  7  8 |
---------------+-------------------------+-----
Polearms       | 2 3 4 5 6 7 9 |  9.0
Dodging        | 3 4 6 |  6.4
Fighting       | |  1.7
Throwing       | |  0.8
Armour         | |  0.8
Spellcasting   | |  1.7
Translocations | |  2.6

Action                   |  1- 3 |  4- 6 |  7- 9 || total
-------------------------+-------+-------+-------++-------
Melee: Spear             |   137 |   125 |       ||   262
       Quarterstaff      |       |   122 |    45 ||   167
       Halberd           |       |       |   161 ||   161
Throw: Dart              |     7 |    37 |    14 ||    58
       Boomerang         |       |       |     2 ||     2
 Cast: Blink             |       |     8 |     2 ||    10
       Wereblood         |       |       |     2 ||     2
Evoke: Wand              |       |       |     2 ||     2
  Use: Scroll            |       |     2 |       ||     2
 Stab: Sleeping          |     1 |     2 |       ||     3
Armor: Leather armour    |    35 |   112 |       ||   147
       Troll leather arm |       |    19 |   115 ||   134
Dodge: Dodged            |    73 |   134 |   156 ||   363
Block: Buckler           |    18 |    12 |       ||    30

Table legend: (Time is in decaauts)
 A = Elapsed time spent in this place.
 B = Non-inter-level travel time spent in this place.
 C = Inter-level travel time spent in this place.
 D = Time resting spent in this place.
 E = Time spent auto-exploring this place.
 F = Levels seen in this place.
 G = Mean time per level.
                   A        B        C        D        E       F      G
               +--------+--------+--------+--------+--------+-----+--------+
         Total |   5517 |   5296 |    221 |    188 |   3390 |   8 |  689.6 |
       Dungeon |   5304 |   5083 |    221 |    188 |   3303 |   7 |  757.7 |
         Sewer |    212 |    212 |      0 |      0 |     87 |   1 |  212.0 |
               +--------+--------+--------+--------+--------+-----+--------+

Top non-repeatable levels by time:
     D:2: 1521 daAuts
     D:1: 1250 daAuts
     D:4: 776 daAuts
     D:3: 653 daAuts
     D:6: 547 daAuts
     D:5: 518 daAuts
   Sewer: 212 daAuts
     D:7: 36 daAuts
